 Dungeon Crawl Stone Soup version 0.31-a0-221-gbddc013574 (webtiles) character file.

Game seed: 9393632751129479173

3000 Warped the Destroyer (level 9, -4/54 HPs)
             Began as a Tengu Conjurer on July 4, 2023.
             Was an Initiate of Makhleb.
             Slain by a gnoll sergeant
             ... wielding a +0 halberd
              (17 damage)
             ... in a bailey on July 5, 2023.
             The game lasted 00:22:26 (7639 turns).

Warped the Destroyer (Tengu Conjurer)               Turns: 7639, Time: 00:22:26

Health: -4/54      AC:  5    Str:  7    XL:     9   Next: 84%
Magic:  21/21      EV: 14    Int: 23    God:    Makhleb [......]
Gold:   474        SH:  5    Dex: 13    Spells: 4/22 levels left

rFire   . . .        a - +0 longbow (drain)
rCold   . . .        (shield currently unavailable)
rNeg    . . .        F - +0 steam dragon scales
rPois   .            (helmet restricted)
rElec   .            (no cloak)
rCorr   .            (no gloves)
SInv    .            (boots unavailable)
Will    .....        C - amulet of reflection
Stlth   ++           (no ring)
HPRegen 0.29/turn    (no ring)
MPRegen 0.17/turn

%: reflection
@: about to teleport, weakened, flying quickly and evasively, quick
A: beak, talons 3, nimble flight
a: Renounce Religion


You were in a bailey.
You worshipped Makhleb.
Makhleb was noncommittal.
You visited 2 branches of the dungeon, and saw 8 of its levels.
You also visited: Bailey.

You collected 474 gold pieces.

Inventory:

Hand Weapons
 a - a +0 longbow of draining (weapon)
 b - a +2 halberd of pain
 d - a +0 short sword
 f - a +0 dagger
 i - a +0 spear of freezing
 m - the +5 dagger "Ziofra" {holy, *Corrode rPois rF+++ Int+5}
   (You found it on level 2 of the Dungeon)

   Int:       It affects your intelligence (+5).
   rF:        It renders you almost immune to fire.
   rPois:     It protects you from poison.
   *Corrode:  It may corrode you when you take damage.
 p - a +0 war axe
 v - a +0 quarterstaff
 A - a +2 glaive of flaming
 E - a +1 vampiric whip
Missiles
 e - 67 stones
 k - 15 poisoned darts
 B - 2 throwing nets
Armour
 j - a +1 robe
 D - an orb of energy
 F - +0 steam dragon scales (worn)
Jewellery
 c - a ring of resist corrosion
 C - an amulet of reflection (around neck)
Wands
 g - a wand of roots (9)
 n - a wand of paralysis (4)
Scrolls
 q - a scroll of silence
 y - a scroll of brand weapon
Potions
 h - a potion of might {unknown}
 l - a potion of lignification
 o - a potion of heal wounds {unknown}
 s - a potion of haste {unknown}
 t - a potion of cancellation
 u - a potion of resistance
 w - a potion of magic
 x - a potion of enlightenment
 z - 2 potions of mutation


   Skills:
 + Level 5.3 Fighting
 + Level 5.5 Ranged Weapons
 + Level 0.7 Armour
 + Level 2.4 Dodging
 - Level 2.0 Stealth
 * Level 7.4 Spellcasting
 + Level 8.8 Conjurations
 - Level 1.9 Hexes
 + Level 0.0 Summonings
 + Level 3.2 Translocations
 + Level 0.0 Ice Magic


You had 4 spell levels left.
You knew the following spells:

 Your Spells              Type           Power      Damage    Failure   Level
a - Magic Dart            Conj           100%       1d8       1%          1
b - Searing Ray           Conj           98%        2d8       1%          2
c - Dazzling Flash        Conj/Hex       66%        N/A       2%          3
d - Iskenderun's Mystic   Conj/Tloc      36%        2d9       6%          4
e - Apportation           Tloc           46%        N/A       1%          1
f - Summon Ice Beast      Ice/Summ       8%         N/A       58%         4
g - Stone Arrow           Conj/Erth      58%        3d10      3%          3

Your spell library contained the following spells:

 Spells                   Type           Power      Damage    Failure   Level
 Lesser Beckoning         Tloc           46%        N/A       3%          2
 Gell's Gravitas          Tloc           23%        N/A       6%          3
 Teleport Other           Tloc           23%        N/A       6%          3
 Sandblast                Erth           16%        2d6       8%          1
 Fulminant Prism          Conj/Hex       16%        3d10      8%          4
 Passwall                 Tmut/Erth      6%         N/A       11%         2
 Frozen Ramparts          Ice            16%        1d3       22%         3
 Ice Form                 Ice/Tmut       8%         N/A       58%         4
 Alistair's Intoxication  Tmut/Pois      5%         N/A       90%         5


Dungeon Overview and Level Annotations

Branches:
Dungeon (7/15)             Temple (1/1) D:4          Bailey (1/1)

Altars:
Ashenzari
Cheibriados
Dithmenos
Elyvilon
Fedhas
Gozag
Hepliaklqana
Kikubaaqudgha
Makhleb
Nemelex Xobeh
Okawaru
Ru
Sif Muna
Uskayaw
Xom
Yredelemnul
Zin
The Shining One


Innate Abilities, Weirdness & Mutations

You have a beak for a mouth.
You have claws for feet.
Your magical nature lets you fly swiftly and evasively.


Message History

A gnoll bouda comes into view. It is wielding a +0 halberd.
You hear a shout!
You struggle against the net.
The grasping roots constrict the gnoll.
The grasping roots constrict the gnoll!
The grasping roots constrict the gnoll sergeant.
The grasping roots constrict the gnoll.
The roots release their grip on the gnoll. x2
The roots release their grip on the gnoll sergeant.
The roots release their grip on the gnoll.
The gnoll bouda barks out a call to the hunt!
The gnolls pick up the pace!
A gnoll sergeant opens the door.
Found 13 gold pieces.
A gnoll and a gnoll bouda come into view.
You struggle against the net.
The gnoll bouda gazes fiercely through you!
You feel your attacks grow feeble.
The gnoll bouda barks out a call to the hunt!
The gnoll barely misses you.
You hear a shout!
Unknown command.
You struggle against the net.
The gnoll bouda hits you from afar with a +0 halberd.
The gnoll hits you from afar with a +0 halberd!
Unknown command.
You shred the net and break free! The gnoll bouda completely misses you.
You block the gnoll sergeant's attack.
The gnoll hits you from afar with a +0 halberd!
The gnoll barely misses you.
As you read the scroll of teleportation, it crumbles to dust.
You feel strangely unstable. You block the gnoll bouda's attack.
The gnoll hits you from afar with a +0 halberd!
The gnoll sergeant hits you from afar with a +0 halberd.
The gnoll hits you from afar with a +0 spear!
* * * LOW HITPOINT WARNING * * *
Unknown command.
A gnoll sergeant comes into view. It is wielding a +0 glaive.
The gnoll sergeant shouts!
The gnoll sergeant hits you from afar with a +0 halberd!
You die...

#. ♣≈..# #. ♣≈..# #.
♣≈..# ## #. ♣≈..# ...
#. ♣≈..##+## ....
####. ♣≈......#...$.
...'. ♣≈......g...8.
...'. ♣≈...@.g# ..'.
♣≈..##'## ###.
♣≈.)#ggg. #.
♣≈..#..gg.# #.
♣≈.)#....... #.
♣≈..##......g #.
♣≈...##.8.... ###.
♣≈≈...#############...
♣♣≈≈≈≈≈≈≈≈≈≈≈≈≈≈≈≈≈≈≈≈


You could see 2 gnoll sergeants, 2 gnoll boudas and 3 gnolls.

Vanquished Creatures
  Pikel (D:5)
  Maggie (D:6)
  Sigmund (D:4)
  A steam dragon (D:5)
  A water moccasin (D:7)
  Duvessa (D:6)
  3 sky beasts (D:6)
  A black bear (D:6)
  An ogre (D:4)
  A lemure (D:5)
  4 phantoms
  A bullfrog (D:6)
  2 scorpions
  Dowan (D:6)
  A jelly (D:6)
  2 gnoll boudas
  4 hounds
  2 sleepcaps
  6 iguanas
  Natasha (thrice) (D:2)
  2 orc wizards (D:5)
  9 gnolls
  8 adders
  A white imp (D:6)
  2 ufetubi (D:5)
  2 worms
  4 dart slugs
  12 orcs
  6 ball pythons
  4 bats
  6 endoplasms
  2 giant cockroaches
  5 goblins
  6 hobgoblins
  8 kobolds
  2 quokkas
  11 frilled lizards
  5 rats
133 creatures vanquished.

Notes
Turn   | Place    | Note
-------+----------+-------------------------------------------
     0 | D:1      | Warped the Tengu Conjurer began the quest for the Orb.
     0 | D:1      | Reached XP level 1. HP: 10/10 MP: 4/4
   472 | D:1      | Reached XP level 2. HP: 16/16 MP: 3/6
   479 | D:1      | Learned a level 2 spell: Searing Ray
  1178 | D:1      | Reached skill level 1 in Fighting
  1221 | D:1      | Reached XP level 3. HP: 20/20 MP: 2/8
  1340 | D:1      | Learned a level 3 spell: Dazzling Flash
  1579 | D:2      | Identified the +5 dagger "Ziofra" {holy, *Corrode rPois
                  | rF+++ Int+5}
  1605 | D:2      | Noticed Natasha
  1608 | D:2      | Killed Natasha
  1609 | D:2      | Reached XP level 4. HP: 25/25 MP: 4/9
  2015 | D:2      | Noticed Natasha
  2018 | D:2      | Killed Natasha
  2019 | D:2      | Reached skill level 1 in Ranged Weapons
  2280 | D:2      | Noticed Natasha
  2290 | D:2      | Killed Natasha
  2291 | D:2      | Gained mutation: Your magical nature lets you fly swiftly
                  | and evasively. [Tengu growth]
  2291 | D:2      | Reached XP level 5. HP: 5/30 MP: 4/11
  2617 | D:3      | Reached skill level 6 in Conjurations
  3160 | D:4      | Noticed an ogre
  3161 | D:4      | Noticed a phantom
  3201 | D:3      | Killed a phantom
  3202 | D:3      | Reached skill level 1 in Hexes
  3367 | D:4      | Noticed a phantom
  3373 | D:4      | Killed a phantom
  3374 | D:4      | Reached XP level 6. HP: 35/35 MP: 8/13
  3459 | D:4      | Learned a level 4 spell: Iskenderun's Mystic Blast
  3537 | D:4      | Found a white marble altar of Elyvilon.
  3710 | D:4      | Reached XP level 7. HP: 40/40 MP: 8/14
  3800 | D:4      | Found a staircase to the Ecumenical Temple.
  3844 | D:4      | Noticed Sigmund
  3852 | D:4      | Killed Sigmund
  3871 | Temple   | Entered the Ecumenical Temple
  4430 | D:5      | Entered Level 5 of the Dungeon
  4625 | D:5      | Reached skill level 5 in Spellcasting
  4625 | D:5      | Reached skill level 7 in Conjurations
  4648 | D:5      | Noticed Pikel
  4652 | D:5      | Killed Pikel
  4653 | D:5      | Reached skill level 1 in Translocations
  4653 | D:5      | Reached XP level 8. HP: 26/48 MP: 3/17
  4971 | D:5      | Found a sacrificial altar of Ru.
  4972 | D:5      | Found a shimmering blue altar of Sif Muna.
  5002 | D:5      | Learned a level 1 spell: Apportation
  5007 | D:5      | Learned a level 4 spell: Summon Ice Beast
  5242 | D:5      | Reached skill level 8 in Conjurations
  5255 | D:5      | Reached XP level 9. HP: 23/52 MP: 14/19
  5644 | D:6      | Noticed Maggie
  5790 | D:6      | Noticed Dowan
  5791 | D:6      | Noticed Duvessa
  5798 | D:6      | Killed Dowan
  5804 | D:6      | Killed Duvessa
  6094 | D:6      | Learned a level 3 spell: Stone Arrow
  6218 | D:6      | Reached skill level 5 in Ranged Weapons
  6369 | D:6      | Reached skill level 5 in Fighting
  7004 | D:6      | Killed Maggie
  7218 | D:6      | Found a blossoming altar of Fedhas.
  7224 | D:6      | Found a basalt altar of Yredelemnul.
  7227 | D:6      | Found a hide-covered altar of Uskayaw.
  7227 | D:6      | Found a burning altar of Makhleb.
  7233 | D:6      | Found an iron altar of Okawaru.
  7235 | D:6      | Became a worshipper of Makhleb the Destroyer
  7459 | D:7      | Found a flagged portal.
  7474 | Bailey   | Entered a bailey
  7639 | Bailey   | Slain by a gnoll sergeant

Illustrated notes

Levels and vault maps discovered:
D:1:      nicolae_arrival_somewhat_less_tricky_arrival, layout_basic
D:2:      layout_loops_ring, uniq_natasha
D:3:      layout_basic, grunt_decor_junction
D:4:      layout_loops_cross, lemuel_round_altar,
          minmay_temple_entry_nine_rooms, minmay_lizard_king, uniq_sigmund
D:5:      layout_cave_pools, nicolae_overflow_squiral, uniq_pikel
D:6:      layout_gridville, nicolae_overflow_hallway_of_the_gods, uniq_duvessa,
          uniq_maggie
D:7:      layout_gridville, nicolae_overflow_crystal_walls, enter_bailey_2,
          enter_ossuary_3
Temple:   dpeg_chambers_temple
Bailey:   bailey_polearm_gnolls_kennysheep, bailey

Skill      XL: |  1  2  3  4  5  6  7  8  9 |
---------------+----------------------------+-----
Fighting       | 1 2 3 4 5 |  5.3
Spellcasting   | 3 4 5 6 7 |  7.4
Ranged Weapons | 1 2 4 5 |  5.5
Conjurations   | 6 7 8 |  8.8
Hexes          | 1 |  1.9
Translocations | 1 2 3 |  3.2
Armour         | |  0.7
Dodging        | |  2.4
Stealth        | |  2.0

Action                     |  1- 3 |  4- 6 |  7- 9 || total
---------------------------+-------+-------+-------++-------
  Melee: Dagger            |     2 |       |       ||     2
   Fire: Longbow           |     7 |    71 |   123 ||   201
   Cast: Magic Dart        |    48 |     4 |    19 ||    71
         Searing Ray       |     1 |    14 |    41 ||    56
         Iskenderun's Myst |       |       |     9 ||     9
         Stone Arrow       |       |       |     1 ||     1
  Evoke: Wand              |       |       |     7 ||     7
    Use: Scroll            |     2 |     7 |     9 ||    18
         Potion            |       |       |     4 ||     4
 Armour: Robe              |       |     6 |    17 ||    23
         Skin              |       |       |     3 ||     3
         Leather armour    |       |       |     2 ||     2
         Steam dragon scal |       |       |     2 ||     2
  Dodge: Dodged            |     4 |    22 |    97 ||   123
  Block: Other             |       |       |     5 ||     5

Table legend: (Time is in decaauts)
 A = Elapsed time spent in this place.
 B = Non-inter-level travel time spent in this place.
 C = Inter-level travel time spent in this place.
 D = Time resting spent in this place.
 E = Time spent auto-exploring this place.
 F = Levels seen in this place.
 G = Mean time per level.
                   A        B        C        D        E       F      G
               +--------+--------+--------+--------+--------+-----+--------+
         Total |   7450 |   6928 |    522 |   1345 |   4461 |   9 |  827.8 |
       Dungeon |   7024 |   6523 |    501 |   1265 |   4192 |   7 | 1003.4 |
        Temple |    261 |    241 |     20 |      0 |    231 |   1 |  261.0 |
        Bailey |    164 |    164 |      0 |     80 |     37 |   1 |  164.0 |
               +--------+--------+--------+--------+--------+-----+--------+

Top non-repeatable levels by time:
     D:6: 1505 daAuts
     D:1: 1375 daAuts
     D:5: 1251 daAuts
     D:2: 1124 daAuts
     D:4: 879 daAuts
     D:3: 860 daAuts
  Temple: 261 daAuts
  Bailey: 164 daAuts
     D:7: 28 daAuts
